 Dungeon Crawl Stone Soup version 0.29-a0-338-g1ff7896281 (webtiles) character file.

Game seed: 13700801125707852013

12220 zishaf the Geomancer (level 11, -5/72 HPs)
             Began as an Octopode Earth Elementalist on Apr 18, 2022.
             Was the Champion of Zin.
             Slain by a boulder beetle (12 damage)
             ... on level 11 of the Dungeon.
             The game lasted 00:36:21 (14797 turns).

zishaf the Geomancer (Octopode Earth Elementalist) Turns: 14797, Time: 00:36:23

Health: -5/72      AC:  2    Str:  7    XL:     11   Next: 90%
Magic:  0/17       EV: 15    Int: 33    God:    Zin [******]
Gold:   1223       SH:  0    Dex: 14    Spells: 8/18 levels left

rFire   + . .      SeeInvis .   b - staff of earth
rCold   . . .      Faith    +   (no shield)
rNeg    . . .      Spirit   .   H - +1 hat {Will+}
rPois   .          Reflect  .   o - amulet of faith
rElec   .          Harm     .   w - +6 ring of intelligence
rCorr   .          Rampage  .   t - ring of protection from fire
Will    +....                   K - +6 ring of intelligence
Stlth   ++++......              (no ring)
HPRegen 0.22/turn               (no ring)
MPRegen 0.15/turn               (no ring)
                                (no ring)
                                (no ring)

@: no status effects
A: almost no armour, amphibious, 8 rings, camouflage 1, gelatinous body 1,
(nimble swimmer 1), tentacles
a: Renounce Religion, Recite, Vitalisation, Imprison, Sanctuary, Donate Gold


You were on level 11 of the Dungeon.
You worshipped Zin.
Zin was exalted by your worship.
You visited 1 branch of the dungeon, and saw 11 of its levels.

You collected 1456 gold pieces.
You donated 233 gold pieces to Zin.

Inventory:

Hand Weapons
 a - the +10 arbalest of the Telling Gods {vorpal, Int+3}
   (You acquired it on level 6 of the Dungeon)

   Any ammunition fired from it inflicts extra damage upon your enemies.
   Int:       It affects your intelligence (+3).
 h - a +1 dagger of protection
 L - a +0 hand crossbow
Missiles
 i - 142 stones
 m - 4 throwing nets
Armour
 D - an orb of light
 F - a +0 kite shield
 H - a +1 hat of willpower (worn)
Magical Staves
 b - a staff of earth (weapon)
 C - a staff of conjuration
Jewellery
 e - a ring of ice
 o - an amulet of faith (around mantle)
 t - a ring of protection from fire (right tentacle)
 w - a +6 ring of intelligence (left tentacle)
 K - a +6 ring of intelligence (on tentacle)
Wands
 k - a wand of digging (2)
 l - a wand of mindburst (6)
 q - a wand of iceblast (14)
 E - a wand of paralysis (8)
 G - a wand of acid (9)
Scrolls
 c - a scroll of summoning
 j - 2 scrolls of magic mapping
 n - 3 scrolls of teleportation
 p - a scroll of enchant armour
 B - 2 scrolls of fear
 I - 2 scrolls of identify
 M - a scroll of blinking {unknown}
Potions
 d - 2 potions of heal wounds
 f - 2 potions of berserk rage
 g - 4 potions of mutation
 r - 2 potions of ambrosia
 s - 3 potions of haste
 u - 3 potions of curing
 v - a potion of brilliance
 x - 2 potions of resistance
 y - 2 potions of magic
 z - 3 potions of flight
 A - a potion of might
 J - a potion of lignification


   Skills:
 + Level 5.8 Fighting
 - Level 6.0 Crossbows
 - Level 5.0 Dodging
 - Level 4.0 Stealth
 + Level 4.4 Spellcasting
 - Level 5.0 Conjurations
 - Level 6.0 Transmutations
 + Level 10.7 Earth Magic
 + Level 8.9 Invocations


You had 8 spell levels left.
You knew the following spells:

 Your Spells              Type           Power      Damage    Failure   Level
a - Sandblast             Erth           100%       2d20      1%          1
b - Stone Arrow           Conj/Erth      100%       3d13      1%          3
c - Passwall              Tmut/Erth      63%        N/A       1%          2
d - Petrify               Tmut/Erth      76%        N/A       1%          4

Your spell library contained the following spells:

 Spells                   Type           Power      Damage    Failure   Level
 Leda's Liquefaction      Hex/Erth       29%        N/A       5%          4
 Call Canine Familiar     Summ           7%         N/A       16%         3
 Confusing Touch          Hex            7%         N/A       16%         3
 Portal Projectile        Hex/Tloc       14%        N/A       16%         3
 Yara's Violent Unravell  Hex/Tmut       13%        3d7       38%         5
 Enfeeble                 Hex            3%         N/A       100%        7


Dungeon Overview and Level Annotations

Branches:
Dungeon (11/15)            Temple (0/1) D:5            Lair (0/6) D:11
    Orc (0/2) D:11

Altars:
Trog
Wu Jian
Zin

Shops:
D:3 :   D:4 [   D:6 *   D:11 (


Innate Abilities, Weirdness & Mutations

You cannot wear most types of armour.
You are amphibious.
You can wear up to eight rings at the same time.
Your skin changes colour to match your surroundings (Stealth+).
Your rubbery body absorbs attacks. (AC +1, EV +1)
((You are camouflaged when in or above water. (Stealth+)))
You have tentacles for arms and can constrict up to eight enemies at once.


Message History

Aiming: Stone Arrow (safe; 1% risk of failure)
Press: ? - help, Shift-Dir - straight line, f/p - boulder beetle
Aim: a boulder beetle (moderately wounded, petrifying slowly, 100% to hit)
You feel a surge of power!
The stone arrow hits the boulder beetle!
The boulder beetle is heavily wounded.
The boulder beetle stops moving altogether!
You feel clever.
a - the +10 arbalest of the Telling Gods (weapon)
{vorpal, Int+3} You shoot a bolt.
The bolt hits the boulder beetle!!
The boulder beetle is heavily wounded.
You shoot a bolt. The bolt hits the boulder beetle.
The boulder beetle is heavily wounded.
You shoot a bolt. The bolt hits the boulder beetle!
The boulder beetle is severely wounded.
The boulder beetle is no longer petrified.
The boulder beetle curls into a ball and begins rolling!
You shoot a bolt.
The bolt hits the boulder beetle but does no damage.
The boulder beetle is severely wounded.
The boulder beetle hits you!!!
Ouch! That really hurt!
The boulder beetle stops rolling and uncurls.
b - a staff of earth (weapon)
The boulder beetle bites you!
* * * LOW HITPOINT WARNING * * *
You feel much better. The boulder beetle closely misses you.
The boulder beetle bites you!!
* * * LOW HITPOINT WARNING * * *
There is a stone staircase leading up, spattered with blood here.
Casting: Stone Arrow (safe; 1% risk of failure)
Confirm with . or Enter, or press ? or * to list all spells.
Aiming: Stone Arrow (safe; 1% risk of failure)
Press: ? - help, Shift-Dir - straight line, f/p - boulder beetle
Aim: a boulder beetle (severely wounded, 100% to hit)
You feel a surge of power!
The stone arrow hits the boulder beetle!!
The boulder beetle is almost dead.
The boulder beetle bites you!
You die...

#.......# #......# #...
#.......# #......# #..#
#.......# #......# #..#
#.......# #......#########..#
#.......# #.................#
#.......# ##.)....########..#
###.......####......#########..
#>......)......B...............
#.##.........)@##...###########
#.##.###...######...#
#.##.##...P.## #..<#
#.####.......# #####
###....#....PPP#
......>....PPPP#
...........PP.P#
...........P...#
######....P...P#


You could see a boulder beetle.

Vanquished Creatures
  A two-headed ogre (D:10)
  2 skeletal warriors (D:11)
  Maggie (D:7)
  A gargoyle (D:8)
  A kobold demonologist (D:11)
  A komodo dragon (D:11)
  3 trolls (D:10)
  A shadow (D:11)
  A basilisk (D:11)
  2 wraiths
  2 wyverns
  19 yaks
  A steam dragon (D:6)
  Edmund (D:3)
  An acid dragon (D:11)
  A water moccasin (D:8)
  5 orc warriors
  2 ice beasts (D:6)
  3 sky beasts
  3 black bears
  5 ogres
  4 centaurs
  5 kobold brigands
  A bullfrog (D:9)
  5 gnoll sergeants
  4 scorpions
  5 wights (D:10)
  3 killer bees (D:7)
  5 howler monkeys
  4 hounds
  2 jellies
  5 orc priests
  A gnoll shaman (D:9)
  Ijyb (D:4)
  Crazy Yiuf (D:6)
  8 iguanas
  Terence (D:2)
  8 orc wizards
  8 adders
  21 gnolls
  4 shadow imps
  2 white imps
  3 ufetubi
  2 worms
  A dart slug (D:2)
  24 orcs
  8 endoplasms
  3 giant cockroaches
  7 goblins
  6 hobgoblins
  2 jackals (D:3)
  3 quokkas
  7 ball pythons
  3 bats
  A frilled lizard (D:3)
  22 kobolds
  4 rats
251 creatures vanquished.

Vanquished Creatures (others)
  A sky beast (D:6)
  32 plants
33 creatures vanquished.

Grand Total: 284 creatures vanquished

Notes
Turn   | Place    | Note
-------+----------+-------------------------------------------
     0 | D:1      | zishaf the Octopode Earth Elementalist began the quest for
                  | the Orb.
     0 | D:1      | Reached XP level 1. HP: 11/11 MP: 3/3
    50 | D:1      | Found a faded altar of an unknown god.
    68 | D:1      | Prayed at the altar of an unknown god.
    68 | D:1      | Became a worshipper of Zin the Law-Giver
    68 | D:1      | Reached * piety under Zin
   146 | D:1      | Donated 5 gold pieces to Zin
   371 | D:1      | Reached XP level 2. HP: 18/18 MP: 0/5
   541 | D:1      | Reached ** piety under Zin
   635 | D:1      | Found an ornate altar of the Wu Jian Council.
   995 | D:2      | Reached skill level 1 in Fighting
   995 | D:2      | Reached XP level 3. HP: 23/23 MP: 1/6
   999 | D:2      | Learned a level 3 spell: Stone Arrow
  1002 | D:2      | Learned a level 2 spell: Passwall
  1063 | D:2      | Identified the +3 leather armour of Quexuc {rN+}
  1352 | D:2      | Reached XP level 4. HP: 24/28 MP: 3/7
  1460 | D:2      | Reached skill level 4 in Earth Magic
  1740 | D:3      | Found Riptaawn's Book Shop.
  1774 | D:3      | Reached *** piety under Zin
  1854 | D:3      | Reached skill level 1 in Conjurations
  2225 | D:3      | Found a bloodstained altar of Trog.
  2279 | D:3      | Noticed Terence
  2350 | D:2      | Killed Terence
  2351 | D:2      | Reached XP level 5. HP: 30/33 MP: 0/8
  2846 | D:3      | Reached skill level 5 in Earth Magic
  3110 | D:4      | Reached **** piety under Zin
  3140 | D:4      | Reached XP level 6. HP: 27/38 MP: 2/9
  3140 | D:4      | Donated 97 gold pieces to Zin
  3247 | D:4      | Noticed Ijyb
  3351 | D:4      | Killed Ijyb
  3352 | D:4      | Reached skill level 6 in Earth Magic
  3583 | D:4      | Found Nunyuffo's Antique Armour Shop.
  3584 | D:4      | Noticed Edmund
  4229 | D:3      | Killed Edmund
  4230 | D:3      | Reached XP level 7. HP: 37/43 MP: 0/10
  4685 | D:5      | Entered Level 5 of the Dungeon
  4746 | D:5      | Found a staircase to the Ecumenical Temple.
  5055 | D:5      | Reached skill level 7 in Earth Magic
  5055 | D:5      | Reached skill level 1 in Invocations
  5119 | D:5      | Reached XP level 8. HP: 22/50 MP: 6/11
  5790 | D:5      | Learned a level 4 spell: Petrify
  6277 | D:6      | Found Orunohoi's Assorted Antiques.
  6315 | D:6      | Identified 2 scrolls of acquirement
  6315 | D:6      | Acquired 773 gold pieces
  6316 | D:6      | Reached ***** piety under Zin
  6317 | D:6      | Acquired the +10 arbalest of the Telling Gods {vorpal,
                  | Int+3}
  6799 | D:6      | Reached skill level 5 in Conjurations
  7011 | D:6      | Reached XP level 9. HP: 49/56 MP: 7/13
  7062 | D:6      | Reached skill level 1 in Crossbows
  7080 | D:6      | Reached skill level 8 in Earth Magic
  7223 | D:6      | Found a runed translucent door.
  7224 | D:6      | Noticed Crazy Yiuf
  7469 | D:6      | Killed Crazy Yiuf
  7819 | D:7      | Noticed Maggie
  7830 | D:7      | Killed Maggie
  8175 | D:7      | Reached skill level 5 in Invocations
  8458 | D:8      | Reached ****** piety under Zin
  8478 | D:8      | Noticed a gargoyle
  8484 | D:8      | Killed a gargoyle
  8485 | D:8      | Reached XP level 10. HP: 63/63 MP: 4/14
  9657 | D:9      | Reached skill level 9 in Earth Magic
  9757 | D:9      | Reached skill level 5 in Dodging
  9759 | D:9      | Reached skill level 5 in Transmutations
 10484 | D:9      | Reached skill level 5 in Crossbows
 10694 | D:10     | Entered Level 10 of the Dungeon
 10694 | D:10     | Noticed a two-headed ogre
 11132 | D:10     | Identified the +3 scale mail of the Gastropod {*Corrode
                  | +Inv rF+++ rC+}
 11169 | D:10     | Reached XP level 11. HP: 57/67 MP: 9/16
 11183 | D:10     | HP: 2/68 [yak (17)]
 11825 | D:10     | Killed a two-headed ogre
 12060 | D:10     | Reached skill level 10 in Earth Magic
 12632 | D:11     | Noticed a boulder beetle
 13165 | D:11     | Reached skill level 5 in Fighting
 13333 | D:11     | Found Ibex Ram's Weapon Shoppe.
 13456 | D:11     | Found a staircase to the Lair.
 13470 | D:11     | Noticed a skeletal warrior
 13470 | D:11     | Noticed a skeletal warrior
 13470 | D:11     | Noticed a skeletal warrior
 13496 | D:11     | Killed a skeletal warrior
 13674 | D:11     | Found a staircase to the Orcish Mines.
 14538 | D:11     | Killed a skeletal warrior
 14797 | D:11     | Slain by a boulder beetle

Illustrated notes

Levels and vault maps discovered:
D:1:      dpeg_arrival_water_altar, layout_loops_corners,
          hellmonk_ecumenical_altar_blasted
D:2:      layout_rooms
D:3:      layout_rooms, pf_just_have_faith, serial_shops, shop, uniq_terence
D:4:      layout_cave_pools, serial_shops, shop, chequers_big_river, uniq_ijyb,
          uniq_edmund
D:5:      minmay_spotlight, layout_loops_ring,
          minmay_temple_entry_gardened_gates
D:6:      layout_gridville, serial_shops, nicolae_shop_hallway_stairs,
          lemuel_old_faithful, uniq_crazy_yiuf_cottage
D:7:      layout_rooms, uniq_maggie
D:8:      layout_rooms
D:9:      layout_basic
D:10:     layout_cross
D:11:     layout_basic, david_lair_shrubbed,
          kennysheep_orc_monster_closet_entryway, serial_shops, shop

Skill      XL: |  1  2  3  4  5  6  7  8  9 10 11 |
---------------+----------------------------------+-----
Stealth        | 3 4 |  4.0
Fighting       | 1 2 3 5 |  5.8
Earth Magic    | 4 5 6 7 8 9 10 | 10.7
Conjurations   | 1 2 3 4 5 |  5.0
Invocations    | 1 3 5 7 8 |  8.9
Spellcasting   | 3 4 |  4.4
Transmutations | 2 4 5 6 |  6.0
Crossbows      | 3 5 6 |  6.0
Dodging        | 4 5 |  5.0

Action                   |  1- 3 |  4- 6 |  7- 9 | 10-12 || total
-------------------------+-------+-------+-------+-------++-------
Melee: Dagger            |     5 |    34 |    14 |       ||    53
       Tentacles         |     1 |     8 |     4 |     4 ||    17
       Constrict         |     1 |     7 |     6 |     2 ||    16
       Staff             |       |       |       |     8 ||     8
 Fire: Arbalest          |       |       |    53 |   167 ||   220
 Cast: Sandblast         |    39 |    55 |    59 |    21 ||   174
       Stone Arrow       |       |     8 |    32 |   132 ||   172
       Passwall          |       |     1 |       |     2 ||     3
       Petrify           |       |       |       |    13 ||    13
Invok: Donate Gold       |     1 |     1 |       |       ||     2
       Recite            |       |     7 |     1 |     2 ||    10
       Vitalisation      |       |       |       |     1 ||     1
  Use: Scroll            |       |       |    19 |     2 ||    21
       Potion            |       |       |       |     2 ||     2
 Stab: Sleeping          |       |     1 |     2 |       ||     3
Armor: Skin              |     1 |     4 |     7 |     5 ||    17
Dodge: Dodged            |     8 |    44 |    40 |    87 ||   179

Table legend: (Time is in decaauts)
 A = Elapsed time spent in this place.
 B = Non-inter-level travel time spent in this place.
 C = Inter-level travel time spent in this place.
 D = Time resting spent in this place.
 E = Time spent auto-exploring this place.
 F = Levels seen in this place.
 G = Mean time per level.
                   A        B        C        D        E       F      G
               +--------+--------+--------+--------+--------+-----+--------+
         Total |  14929 |  14287 |    642 |   5094 |   6493 |  11 | 1357.2 |
       Dungeon |  14929 |  14287 |    642 |   5094 |   6493 |  11 | 1357.2 |
               +--------+--------+--------+--------+--------+-----+--------+

Top non-repeatable levels by time:
    D:10: 2267 daAuts
     D:9: 2038 daAuts
     D:2: 1821 daAuts
     D:6: 1722 daAuts
     D:4: 1344 daAuts
    D:11: 1205 daAuts
     D:5: 1115 daAuts
     D:1: 965 daAuts
     D:3: 929 daAuts
     D:7: 768 daAuts
     D:8: 752 daAuts
